EL
ARKANSAS TRAVELERS @ FRISCO ROUGHRIDERS
08/26/2049
 
TOP OF THE 1ST
Arkansas Travelers batting - Pitching for Frisco RoughRiders : RHP Eric Richards
Pitching: RHP Eric Richards
Batting: LHB Dave Hicks 0-0: Ball
1-0: Called Strike
1-1: Swinging Strike
1-2: SINGLE (Groundball, 34D, EV 103.1 MPH) (infield hit)
Batting: RHB T.J. Gray 0-0: Ball
1-0: Called Strike
1-1: Ball
2-1: Called Strike
2-2: Strikes out swinging
Batting: RHB Juan Montez 0-0: Called Strike
0-1: Ball
1-1: Grounds into double play, 4-6-3 (Groundball, 4M, EV 87.5 MPH)
Top of the 1st over - 0 runs, 1 hit, 0 errors, 0 left on base; Arkansas 0 - Frisco 0
BOTTOM OF THE 1ST
Frisco RoughRiders batting - Pitching for Arkansas Travelers : RHP Tim Anderson
Pitching: RHP Tim Anderson
Batting: LHB Yoshinari Nara 0-0: Ball
1-0: Foul Ball, location: 2F
1-1: Foul Ball, location: 2F
1-2: Ball
2-2: Ball
3-2: SINGLE (Groundball, 4MD, EV 98.1 MPH) (infield hit)
Batting: LHB Jody Hudson 0-0: Called Strike
0-1: Grounds into double play, 6-4-3 (Groundball, 6, EV 82.5 MPH)
Batting: LHB Jim Pankratz 0-0: Ball
1-0: Called Strike
1-1: Foul Ball, location: 2F
1-2: Ball
2-2: Strikes out swinging
Bottom of the 1st over - 0 runs, 1 hit, 0 errors, 0 left on base; Arkansas 0 - Frisco 0
TOP OF THE 2ND
Arkansas Travelers batting - Pitching for Frisco RoughRiders : RHP Eric Richards
Batting: RHB Kyler Seitz 0-0: Called Strike
0-1: Ball
1-1: Foul Ball, location: 2F
1-2: Ground out 4-3 (Groundball, 34D, EV 87.5 MPH)
Batting: LHB Mutsuo IIda 0-0: Called Strike
0-1: Fly out, F7 (Flyball, 7LS, EV 88.8 MPH)
Batting: RHB Kinya Nishimura 0-0: Foul Ball, location: 2F
0-1: Ball
1-1: Ball
2-1: Ground out 5-3 (Groundball, 25, EV 91.2 MPH)
Top of the 2nd over - 0 runs, 0 hits, 0 errors, 0 left on base; Arkansas 0 - Frisco 0
BOTTOM OF THE 2ND
Frisco RoughRiders batting - Pitching for Arkansas Travelers : RHP Tim Anderson
Batting: RHB Sean Neuroth 0-0: Ball
1-0: Ground out 4-3 (Groundball, 4, EV 91.2 MPH)
Batting: RHB Danny Weisse 0-0: Called Strike
0-1: Foul Ball, location: 2F
0-2: Ball
1-2: SINGLE (Groundball, 56S, EV 70.0 MPH) (infield hit)
Batting: LHB Joseph Martin 0-0: Ball
1-0: Called Strike
1-1: Foul Ball, location: 2F
1-2: Strikes out looking
Batting: RHB Wally Cangro 0-0: Foul Ball, location: 2F
0-1: Swinging Strike
0-2: Ball
1-2: Ball
2-2: Foul Ball, location: 2F
2-2: Fly out, F9 (Flyball, 9, EV 84.4 MPH)
Bottom of the 2nd over - 0 runs, 1 hit, 0 errors, 1 left on base; Arkansas 0 - Frisco 0
TOP OF THE 3RD
Arkansas Travelers batting - Pitching for Frisco RoughRiders : RHP Eric Richards
Batting: RHB Danny Bjarnson 0-0: Ball
1-0: Ball
2-0: Swinging Strike
2-1: Ball
3-1: Fly out, F3 (Popup, 3L, EV 58.8 MPH)
Batting: RHB Ryan Pelletier 0-0: Ball
1-0: SINGLE (Groundball, 56D, EV 104.4 MPH)
Batting: RHB Phil Knox 0-0: Fly out, F8 (Flyball, 8RM, EV 83.1 MPH)
Batting: LHB Dave Hicks 0-0: Foul Ball, location: 2F
0-1: Swinging Strike
0-2: Foul Ball, location: 2F
0-2: Hit by Pitch
Ryan Pelletier to second
Batting: RHB T.J. Gray 0-0: Ball
1-0: Fielders Choice at 2nd, 5-4 (Groundball, 56, EV 101.9 MPH)
Top of the 3rd over - 0 runs, 1 hit, 0 errors, 2 left on base; Arkansas 0 - Frisco 0
BOTTOM OF THE 3RD
Frisco RoughRiders batting - Pitching for Arkansas Travelers : RHP Tim Anderson
Batting: RHB Jordan Fairburn 0-0: Foul Ball, location: 2F
0-1: Ball
1-1: Ground out 5-3 (Groundball, 5S, EV 83.1 MPH)
Batting: RHB Luis Arce 0-0: Called Strike
0-1: Ball
1-1: Ball
2-1: Ball
3-1: Called Strike
3-2: Base on Balls
Batting: LHB Yoshinari Nara 0-0: Ball
1-0: Ball
2-0: Ball
3-0: Called Strike
3-1: Called Strike
3-2: Base on Balls
Luis Arce to second
Batting: LHB Jody Hudson 0-0: Fielders Choice at 2nd, 3-6 (Groundball, 34, EV 80.6 MPH)
Luis Arce to third
Batting: LHB Jim Pankratz 0-0: Ball
Jody Hudson steals 2nd base (no throw)
1-0: SINGLE (Line Drive, 6D, EV 101.2 MPH)
Luis Arce scores
Jody Hudson to third
Batting: RHB Sean Neuroth 0-0: Called Strike
0-1: Ground out 5-3 (Groundball, 5S, EV 70.0 MPH)
Bottom of the 3rd over - 1 run, 1 hit, 0 errors, 2 left on base; Arkansas 0 - Frisco 1
TOP OF THE 4TH
Arkansas Travelers batting - Pitching for Frisco RoughRiders : RHP Eric Richards
Batting: RHB Juan Montez 0-0: Ball
1-0: Fly out, F9 (Flyball, 89XD, EV 98.8 MPH)
Batting: RHB Kyler Seitz 0-0: Ball
1-0: Ball
2-0: Ball
3-0: Base on Balls
Batting: LHB Mutsuo IIda 0-0: Ball
1-0: Ball
2-0: Ball
3-0: Swinging Strike
3-1: Foul Ball, location: 2F
3-2: Strikes out looking
Batting: RHB Kinya Nishimura 0-0: Ball
1-0: Called Strike
1-1: Fielders Choice at 2nd, 6-4 (Groundball, 6, EV 85.6 MPH)
Top of the 4th over - 0 runs, 0 hits, 0 errors, 1 left on base; Arkansas 0 - Frisco 1
BOTTOM OF THE 4TH
Frisco RoughRiders batting - Pitching for Arkansas Travelers : RHP Tim Anderson
Batting: RHB Danny Weisse 0-0: Called Strike
0-1: Swinging Strike
0-2: Strikes out looking and he ARGUES THE CALL AND IS TOSSED!
Batting: LHB Joseph Martin 0-0: Ball
1-0: Ground out 4-3 (Groundball, 4M, EV 83.1 MPH)
Batting: RHB Wally Cangro 0-0: Ball
1-0: TRIPLE (Flyball, 89XD, EV 95.6 MPH)
Batting: RHB Jordan Fairburn 0-0: Hit by Pitch
Batting: RHB Luis Arce 0-0: Ball
1-0: Fly out, F1 (Line Drive, P, EV 73.1 MPH)
Bottom of the 4th over - 0 runs, 1 hit, 0 errors, 2 left on base; Arkansas 0 - Frisco 1
TOP OF THE 5TH
Arkansas Travelers batting - Pitching for Frisco RoughRiders : RHP Eric Richards
Now in CF: Seung-ho Zhang
Batting: RHB Danny Bjarnson 0-0: Foul Ball, location: 2F
0-1: Ball
1-1: Called Strike
1-2: Ball
2-2: Foul Ball, location: 2F
2-2: Foul Ball, location: 2F
2-2: Ball
3-2: Strikes out swinging
Batting: RHB Ryan Pelletier 0-0: Ball
1-0: Called Strike
1-1: Ball
2-1: Ball
3-1: Foul Ball, location: 2F
3-2: Ground out 6-3 (Groundball, 6, EV 88.1 MPH)
Batting: RHB Phil Knox 0-0: Ball
1-0: Called Strike
1-1: Ball
2-1: Swinging Strike
2-2: SINGLE (Groundball, 34D, EV 94.4 MPH)
Batting: LHB Dave Hicks 0-0: Foul Ball, location: 2F
0-1: Swinging Strike
0-2: Ball
1-2: Foul Ball, location: 2F
1-2: Foul Ball, location: 2F
1-2: Ball
2-2: Strikes out looking
Top of the 5th over - 0 runs, 1 hit, 0 errors, 1 left on base; Arkansas 0 - Frisco 1
BOTTOM OF THE 5TH
Frisco RoughRiders batting - Pitching for Arkansas Travelers : RHP Tim Anderson
Batting: LHB Yoshinari Nara 0-0: Called Strike
0-1: Swinging Strike
0-2: Ball
1-2: Ball
2-2: SINGLE (Groundball, P, EV 91.9 MPH) (infield hit)
Batting: LHB Jody Hudson 0-0: Called Strike
Yoshinari Nara is caught stealing 2nd base 2-6
0-1: Ball
1-1: Foul Ball, location: 2F
1-2: Ground out 3-1 (Groundball, 34S, EV 76.2 MPH)
Batting: LHB Jim Pankratz 0-0: Called Strike
0-1: Ball
1-1: Ball
2-1: Ball
3-1: Base on Balls
Batting: RHB Sean Neuroth 0-0: Fly out, F4 (Popup, 23, EV 85.6 MPH)
Bottom of the 5th over - 0 runs, 1 hit, 0 errors, 1 left on base; Arkansas 0 - Frisco 1
TOP OF THE 6TH
Arkansas Travelers batting - Pitching for Frisco RoughRiders : RHP Eric Richards
Batting: RHB T.J. Gray 0-0: Ball
1-0: Foul Ball, location: 2F
1-1: Called Strike
1-2: Strikes out swinging
Batting: RHB Juan Montez 0-0: Foul Ball, location: 2F
0-1: Ball
1-1: Called Strike
1-2: Ball
2-2: SINGLE (Line Drive, 89S, EV 103.1 MPH)
Batting: RHB Kyler Seitz 0-0: Ball
1-0: Called Strike
Juan Montez is caught stealing 2nd base 2-4
1-1: Fly out, F8 (Flyball, 8LD, EV 94.4 MPH)
Top of the 6th over - 0 runs, 1 hit, 0 errors, 0 left on base; Arkansas 0 - Frisco 1
BOTTOM OF THE 6TH
Frisco RoughRiders batting - Pitching for Arkansas Travelers : RHP Tim Anderson
Batting: SHB Seung-ho Zhang 0-0: Called Strike
0-1: TRIPLE (Flyball, 9LD, EV 109.4 MPH)
Batting: LHB Joseph Martin 0-0: Ball
1-0: Foul Ball, location: 2F
1-1: Ball
2-1: Fly out, F9 (Flyball, 9D, EV 92.5 MPH)
Runner from 3rd tags up, SCORES, no throw by RF
Batting: RHB Wally Cangro 0-0: Swinging Strike
0-1: Ball
1-1: Ball
2-1: Called Strike
2-2: Foul Ball, location: 2F
2-2: Foul Ball, location: 2F
2-2: Foul Ball, location: 2F
2-2: Foul Ball, location: 2F
2-2: Foul Ball, location: 2F
2-2: Ground out 4-3 (Groundball, 4, EV 101.2 MPH)
Batting: RHB Jordan Fairburn 0-0: Called Strike
0-1: Called Strike
0-2: Ball
1-2: Strikes out swinging
Bottom of the 6th over - 1 run, 1 hit, 0 errors, 0 left on base; Arkansas 0 - Frisco 2
TOP OF THE 7TH
Arkansas Travelers batting - Pitching for Frisco RoughRiders : RHP Eric Richards
Now in CF: Matt Sanders
Now in RF: Seung-ho Zhang
Batting: LHB Mutsuo IIda 0-0: Ball
1-0: Foul Ball, location: 2F
1-1: Swinging Strike
1-2: Strikes out swinging
Batting: RHB Kinya Nishimura 0-0: Called Strike
0-1: Fly out, F5 (Popup, 5F, EV 65.0 MPH)
Batting: RHB Danny Bjarnson 0-0: Foul Ball, location: 2F
0-1: Ball
1-1: Called Strike
1-2: Fly out, F9 (Flyball, 89D, EV 97.5 MPH)
Top of the 7th over - 0 runs, 0 hits, 0 errors, 0 left on base; Arkansas 0 - Frisco 2
BOTTOM OF THE 7TH
Frisco RoughRiders batting - Pitching for Arkansas Travelers : RHP Tim Anderson
Batting: RHB Luis Arce 0-0: Called Strike
0-1: Ball
1-1: Ball
2-1: Foul Ball, location: 2F
2-2: Foul Ball, location: 2F
2-2: Ball
3-2: Foul Ball, location: 2F
3-2: Base on Balls
Pitching: LHP Jose Rivera
Pinch Hitting: RHB Josh Whitmore 0-0: Bunted foul
0-1: Bunt missed!
0-2: Ball
1-2: Ball
2-2: Ball
3-2: Foul Ball, location: 2F
3-2: Base on Balls
Luis Arce to second
Pinch Hitting: RHB Chance Lamb 0-0: Bunted foul
0-1: Ball
1-1: Sac Bunt to 3S - play at first, batter OUT! 3-4
Luis Arce to third
Josh Whitmore to second
Batting: RHB John Michener 0-0: Ball
1-0: Swinging Strike
1-1: Ball
2-1: Ball
3-1: Base on Balls
Pitching: RHP Jason Smallwood
Batting: RHB Sean Neuroth 0-0: Ball
1-0: Foul Ball, location: 2F
1-1: Foul Ball, location: 2F
1-2: Ball
2-2: Foul Ball, location: 2F
2-2: SINGLE (Flyball, 4D, EV 88.8 MPH)
Luis Arce scores
Josh Whitmore to third
John Michener to second
Batting: SHB Seung-ho Zhang 0-0: Called Strike
0-1: SINGLE (Groundball, 34, EV 94.4 MPH)
Josh Whitmore scores
John Michener to third
Sean Neuroth to second
Runner from 3rd tries for Home, SAFE, throw by RF to home
Batting: LHB Joseph Martin 0-0: Ball
Wild Pitch!
Sean Neuroth to third
Seung-ho Zhang to second
1-0: Foul Ball, location: 2F
1-1: Called Strike
1-2: Foul Ball, location: 2F
1-2: Foul Ball, location: 2F
1-2: Strikes out swinging
Batting: RHB Matt Sanders 0-0: Ball
1-0: Called Strike
1-1: Ball
2-1: SINGLE (Groundball, 6MD, EV 93.8 MPH)
Sean Neuroth scores
Seung-ho Zhang to third
Runner from 3rd tries for Home, SAFE, throw by CF to home
Batting: RHB Jordan Fairburn 0-0: Called Strike
0-1: Ball
1-1: Swinging Strike
1-2: Ball
2-2: Ball
3-2: Base on Balls
Matt Sanders to second
Batting: RHB Luis Arce 0-0: Ball
1-0: Ball
2-0: Foul Ball, location: 2F
2-1: Fly out, F8 (Flyball, 8LD, EV 103.1 MPH)
Bottom of the 7th over - 5 runs, 3 hits, 0 errors, 2 left on base; Arkansas 0 - Frisco 7
TOP OF THE 8TH
Arkansas Travelers batting - Pitching for Frisco RoughRiders : RHP Eric Richards
Now at 1B: Josh Whitmore
Now in LF: Moritake Fukumoto
Batting: RHB Ryan Pelletier 0-0: Ball
1-0: Ground out 6-3 (Groundball, 6, EV 100.0 MPH)
Batting: RHB Phil Knox 0-0: Ball
1-0: Ball
2-0: Fly out, F6 (Popup, 6MD, EV 61.9 MPH)
Batting: LHB Dave Hicks 0-0: Ball
1-0: Foul Ball, location: 2F
1-1: Foul Ball, location: 2F
1-2: Ground out 1-3 (Groundball, 15S, EV 68.1 MPH)
Top of the 8th over - 0 runs, 0 hits, 0 errors, 0 left on base; Arkansas 0 - Frisco 7
BOTTOM OF THE 8TH
Frisco RoughRiders batting - Pitching for Arkansas Travelers : RHP Jason Smallwood
Batting: RHB Josh Whitmore 0-0: Called Strike
0-1: Ground out 5-3 (Groundball, 56S, EV 85.0 MPH)
Batting: RHB Moritake Fukumoto 0-0: Ball
1-0: Foul Ball, location: 2F
1-1: Called Strike
1-2: Ball
2-2: Ball
3-2: Base on Balls
Pitching: LHP Steve McClain
Batting: RHB John Michener 0-0: Called Strike
0-1: Foul Ball, location: 2F
0-2: Foul Ball, location: 2F
0-2: DOUBLE (Line Drive, 9LM, EV 86.9 MPH)
Moritake Fukumoto to third
Batting: RHB Sean Neuroth 0-0: Called Strike
0-1: Ball
1-1: Ball
2-1: Ball
3-1: Foul Ball, location: 2F
3-2: Foul Ball, location: 2F
3-2: Base on Balls
Batting: SHB Seung-ho Zhang 0-0: Ball
1-0: Called Strike
1-1: Swinging Strike
1-2: Strikes out swinging
Batting: LHB Joseph Martin 0-0: Foul Ball, location: 2F
0-1: Ball
1-1: Ball
2-1: Foul Ball, location: 2F
2-2: Fly out, F9 (Flyball, 9LM, EV 85.0 MPH)
Bottom of the 8th over - 0 runs, 1 hit, 0 errors, 3 left on base; Arkansas 0 - Frisco 7
TOP OF THE 9TH
Arkansas Travelers batting - Pitching for Frisco RoughRiders : RHP Eric Richards
Batting: RHB T.J. Gray 0-0: Called Strike
0-1: Ball
1-1: Swinging Strike
1-2: Fly out, F6 (Popup, 6M, EV 63.8 MPH)
Pinch Hitting: SHB Danny Gelinas 0-0: Ball
1-0: Swinging Strike
1-1: Foul Ball, location: 2F
1-2: Foul Ball, location: 2F
1-2: Ball
2-2: Foul Ball, location: 2F
2-2: Fly out, F7 (Flyball, 7, EV 88.8 MPH)
Batting: RHB Kyler Seitz 0-0: Ground out 5-3 (Groundball, 56, EV 87.5 MPH)
Top of the 9th over - 0 runs, 0 hits, 0 errors, 0 left on base; Arkansas 0 - Frisco 7
Sunday, July 16th , 2023 - OOTP Baseball 24.6 Build 69